[Event "Titled Tuesday Blitz June 13 Early 2023"]
[White "Samarth J Rao"]
[Black "Gertler, David"]
[WhiteFideId "46652370"]
[BlackFideId "2017377"]
[WhiteElo "1564"]
[BlackElo "2326"]
[Result "1-0"]
[Round "6"]
[TimeControl "180+2"]
[Date "2023.06.13"]
[WhiteClock "0:00:05"]
[BlackClock "0:00:00"]
[Board "182"]

1. Nf3 d6 2. c4 e5 3. Nc3 f5 4. d3 Nf6 5. g3 Be7 6. Bg2 O-O 7. O-O Qe8 8. Nd2 Qh5 9. e3 Qxd1 10. Rxd1 Nc6 11. a3 Nd8 12. b4 g5 13. b5 Ne6 14. Nb3 Rb8 15. a4 f4 16. a5 g4 17. exf4 exf4 18. Bd5 fxg3 19. fxg3 Nxd5 20. Nxd5 Bd8 21. Be3 b6 22. axb6 axb6 23. Nd4 Nxd4 24. Bxd4 Rf3 25. Ra7 Bb7 26. Ne3 Bf6 27. Bxf6 Rxe3 28. Bd4 Re2 29. Bf2 Kf7 30. Re1 Rxe1+ 31. Bxe1 Ke6 32. Bc3 Kd7 33. Kf2 Bf3 34. Bd4 d5 35. Be5 Rc8 36. Ke3 dxc4 37. dxc4 Bg2 38. Bf4 Bf1 39. Kd4 Be2 40. c5 bxc5+ 41. Kxc5 Kd8 42. Bg5+ Ke8 43. b6 cxb6+ 44. Kd6 Bb5 45. Rxh7 Rc6+ 46. Kd5 Rg6 47. Rh8+ Kf7 48. Bf4 1-0


[Site "https://www.chess.com"]

[Event "Titled Tuesday Blitz June 13 Early 2023"]
[White "Philippe, Guillaume"]
[Black "Vaglio Munoz, Jaime"]
[WhiteFideId "36048763"]
[BlackFideId "6500145"]
[WhiteElo "2387"]
[BlackElo "2199"]
[Result "1-0"]
[Round "6"]
[TimeControl "180+2"]
[Date "2023.06.13"]
[WhiteClock "0:00:09"]
[BlackClock "0:00:04"]
[Board "183"]

1. e4 g6 2. d4 Bg7 3. Nc3 c6 4. Be3 d5 5. e5 f6 6. f4 Nh6 7. h3 O-O 8. Nf3 Qb6 9. Na4 Qa5+ 10. c3 Nf5 11. Bf2 fxe5 12. fxe5 Bh6 13. Bd3 Ne3 14. Bxe3 Bxe3 15. b4 Qd8 16. Qe2 Bf4 17. O-O a5 18. a3 axb4 19. axb4 Bf5 20. Bxf5 Rxf5 21. Nc5 Rxa1 22. Rxa1 Nd7 23. Ne6 Qc8 24. Nh4 Rf7 25. Rf1 Bh6 26. Rxf7 Kxf7 27. Qf3+ Kg8 28. Qg4 Nf8 29. Nc5 Qxg4 30. hxg4 b6 31. Na4 b5 32. Nb2 Bd2 33. Nd1 Ne6 34. Nf3 Bc1 35. g3 Ng5 36. Nxg5 Bxg5 37. Kf2 Kf7 38. Ke2 Bc1 39. Nf2 Kg7 40. Nd3 Bg5 41. Nc5 Kh6 42. Ne6 Bc1 43. Nd8 Kg5 44. Nxc6 e6 45. Nd8 Kxg4 46. Nxe6 Kxg3 47. Ng7 Kg2 48. c4 dxc4 49. d5 Bg5 50. d6 h5 51. e6 h4 52. e7 Bxe7 53. dxe7 h3 54. e8=Q h2 55. Qxg6+ Kh1 56. Kf2 c3 57. Qg2# 1-0


[Site "https://www.chess.com"]

[Event "Titled Tuesday Blitz June 13 Early 2023"]
[White "Lisjak, Zlatko"]
[Black "Simonovic, Miroslav"]
[WhiteFideId "14502186"]
[BlackFideId "919152"]
[WhiteElo "1998"]
[BlackElo "2075"]
[Result "0-1"]
[Round "6"]
[TimeControl "180+2"]
[Date "2023.06.13"]
[WhiteClock "0:00:00"]
[BlackClock "0:00:11"]
[Board "184"]

1. e4 c5 2. b4 b6 3. bxc5 bxc5 4. Bc4 d6 5. Nf3 e5 6. d3 h6 7. Nc3 g6 8. Rb1 Bg7 9. Be3 Ne7 10. Qd2 Nbc6 11. O-O Nd4 12. Ne1 f5 13. f4 exf4 14. Bxf4 g5 15. Bg3 f4 16. Bf2 Ne6 17. Bb5+ Bd7 18. Nd5 O-O 19. c3 Nxd5 20. exd5 Nc7 21. Bc4 Bf5 22. Nc2 Rb8 23. Rb3 Rxb3 24. axb3 Qf6 25. d4 Qg6 26. Rc1 Bxc2 27. Rxc2 cxd4 28. Bxd4 Bxd4+ 29. cxd4 Ne8 30. h3 Nf6 31. Ra2 Rf7 32. Bd3 Qh5 33. Bf5 Kg7 34. Be6 Re7 35. Qd3 g4 36. hxg4 Nxg4 37. Qh3 Qxh3 38. gxh3 Ne3 39. Re2 Kf6 40. Kh2 Nf5 41. Rf2 Kg5 0-1


[Site "https://www.chess.com"]

[Event "Titled Tuesday Blitz June 13 Early 2023"]
[White "Kriti Mayur Patel"]
[Black "babbilator"]
[WhiteFideId "35061780"]
[WhiteElo "1306"]
[BlackElo "2299"]
[Result "0-1"]
[Round "6"]
[TimeControl "180+2"]
[Date "2023.06.13"]
[WhiteClock "0:00:36"]
[BlackClock "0:00:05"]
[Board "185"]

1. e4 c5 2. d4 cxd4 3. c3 Nf6 4. e5 Nd5 5. Bc4 e6 6. Bxd5 exd5 7. Qxd4 Nc6 8. Qxd5 d6 9. exd6 Bxd6 10. Qe4+ Be6 11. Nf3 O-O 12. Ng5 g6 13. Nxe6 fxe6 14. Qxe6+ Kh8 15. O-O Qc7 16. Qh3 Rae8 17. Bh6 Rf5 18. g4 Rf7 19. Nd2 Bc5 20. Nf3 Re2 21. Rae1 Qe7 22. Bg5 Qe4 23. Rxe2 Qxe2 24. Kg2 Ne5 25. Nxe5 Rxf2+ 26. Kg3 Qxe5+ 27. Bf4 Qxf4+ 28. Kh4 Be7# 0-1


[Site "https://www.chess.com"]

[Event "Titled Tuesday Blitz June 13 Early 2023"]
[White "Samaganova, Aleksandra"]
[Black "Alexanian, Nelli"]
[WhiteFideId "13800221"]
[BlackFideId "4170539"]
[WhiteElo "1858"]
[BlackElo "2035"]
[Result "1-0"]
[Round "6"]
[TimeControl "180+2"]
[Date "2023.06.13"]
[WhiteClock "0:00:02"]
[BlackClock "0:00:00"]
[Board "186"]

1. c4 c5 2. Nc3 Nc6 3. g3 e6 4. Bg2 Nf6 5. e4 d6 6. Nge2 h5 7. h3 h4 8. g4 e5 9. d3 Be6 10. Nd5 Be7 11. Nec3 Nd4 12. Be3 a6 13. a4 b6 14. Rb1 Rb8 15. b4 b5 16. axb5 axb5 17. Nxf6+ Bxf6 18. Bxd4 cxb4 19. Ba7 Qa5 20. Bxb8 bxc3 21. Rxb5 Qa2 22. O-O O-O 23. Bxd6 Bg5 24. f4 Bxf4 25. Rxf4 exf4 26. Bxf8 c2 27. Qc1 Kxf8 28. Rb2 Qa3 29. Rxc2 Qxd3 30. Qd2 Qg3 31. Qf2 f3 32. Qxg3 hxg3 33. Bxf3 1-0


[Site "https://www.chess.com"]

[Event "Titled Tuesday Blitz June 13 Early 2023"]
[White "Antonio, Jorge Carlos"]
[Black "Necula, Iulian"]
[WhiteFideId "113190"]
[BlackFideId "1232380"]
[WhiteElo "2247"]
[BlackElo "1790"]
[Result "1-0"]
[Round "6"]
[TimeControl "180+2"]
[Date "2023.06.13"]
[WhiteClock "0:00:08"]
[BlackClock "0:00:08"]
[Board "187"]

1. d4 d6 2. Nf3 f5 3. c4 Nf6 4. Nc3 g6 5. Bg5 Nbd7 6. e3 Bg7 7. Be2 O-O 8. Qc2 e6 9. O-O h6 10. Bxf6 Nxf6 11. Nh4 Qe8 12. Bd3 g5 13. Nf3 Qh5 14. Be2 Qf7 15. Rad1 Bd7 16. Rfe1 a6 17. a3 Rae8 18. Bf1 Kh8 19. e4 f4 20. e5 Nh5 21. exd6 cxd6 22. Ne4 Qe7 23. d5 e5 24. b4 g4 25. Nfd2 g3 26. f3 gxh2+ 27. Kh1 Qh4 28. Nb3 Bf5 29. Qf2 Ng3+ 30. Nxg3 fxg3 31. Qe3 Bf6 32. Bd3 Bg5 33. Qe2 Bd7 34. Nd2 Qf4 35. Ne4 Be7 36. Qe3 h5 37. c5 dxc5 38. bxc5 h4 39. d6 Bd8 40. Qxf4 exf4 41. Nc3 h3 42. Rxe8 Rxe8 43. Nd5 hxg2+ 44. Kxg2 Bb5 45. Bxb5 axb5 46. Nxf4 Bg5 47. Kxg3 Bxf4+ 48. Kxf4 Kg7 49. Rh1 Rh8 50. Ke5 Kf7 51. f4 Rh5+ 52. f5 Rh3 53. Kf4 Rxa3 54. Re1 Ra4+ 55. Kg3 Ra2 56. d7 h1=Q 57. Rxh1 Rd2 58. Rh7+ Kg8 59. Re7 Rd3+ 60. Kf4 b4 61. f6 Kf8 62. Re8+ Kf7 63. d8=Q Rxd8 64. Rxd8 b3 65. Rb8 b2 66. Rxb7+ Kxf6 67. Rxb2 1-0


[Site "https://www.chess.com"]

[Event "Titled Tuesday Blitz June 13 Early 2023"]
[White "Porat, Tori"]
[Black "Chakravarthi Reddy, M"]
[WhiteFideId "30982626"]
[BlackFideId "25009532"]
[WhiteElo "1752"]
[BlackElo "2201"]
[Result "0-1"]
[Round "6"]
[TimeControl "180+2"]
[Date "2023.06.13"]
[WhiteClock "0:00:31"]
[BlackClock "0:00:47"]
[Board "188"]

1. d4 d5 2. c4 c6 3. Nc3 Nf6 4. Nf3 e6 5. Bg5 Nbd7 6. e3 h6 7. Bh4 g5 8. Bg3 Nh5 9. cxd5 exd5 10. Bd3 Nxg3 11. hxg3 Bg7 12. Bc2 Qe7 13. a3 Nf6 14. Qd3 Nd7 15. O-O-O f5 16. Qxf5 Nf8 17. Qd3 Bg4 18. Rde1 O-O-O 19. Na4 b6 20. Qa6+ Kb8 21. Qd3 Qc7 22. Kb1 c5 23. dxc5 bxc5 24. Qb5+ Ka8 25. Qxc5 Qb7 26. Ka1 Rc8 27. Qd4 Bxd4 28. Nxd4 Ne6 29. f3 Nxd4 30. exd4 Rxc2 31. fxg4 Qb3 0-1


[Site "https://www.chess.com"]

[Event "Titled Tuesday Blitz June 13 Early 2023"]
[White "SicilianPanzer"]
[Black "Semenova, Alina"]
[BlackFideId "24113875"]
[WhiteElo "2255"]
[BlackElo "1833"]
[Result "0-1"]
[Round "6"]
[TimeControl "180+2"]
[Date "2023.06.13"]
[WhiteClock "0:00:00"]
[BlackClock "0:00:01"]
[Board "189"]

1. e4 e6 2. d4 d5 3. Nc3 Bb4 4. Qg4 g6 5. exd5 Nf6 6. Qf3 Nxd5 7. Bh6 Nxc3 8. bxc3 Qxd4 9. Ne2 Qe5 10. Bf4 Qf6 11. Qg3 Nc6 12. Rd1 Bc5 13. Bxc7 O-O 14. Nc1 e5 15. Nd3 Bb6 16. Bxb6 axb6 17. Be2 Rxa2 18. O-O Bf5 19. Nb4 Nxb4 20. cxb4 Rxc2 21. Rfe1 e4 22. Bb5 Rd8 23. Rxd8+ Qxd8 24. Qe5 Qd2 25. Rf1 Qxb4 26. Qe8+ Kg7 27. Qe5+ f6 28. Qd5 Rc5 29. Qxb7+ Kh6 30. Bd7 Bxd7 31. Qxd7 f5 32. h3 Qa3 33. Qe7 Qa5 34. Qf8+ Kg5 35. Qe7+ Kh6 36. Qf8+ Kh5 37. Qg7 h6 38. Qc7 Rxc7 0-1


[Site "https://www.chess.com"]

[Event "Titled Tuesday Blitz June 13 Early 2023"]
[White "Skiadopoulos, Nikolaos"]
[Black "agvania123"]
[WhiteFideId "4200772"]
[WhiteElo "2022"]
[BlackElo "2253"]
[Result "0-1"]
[Round "6"]
[TimeControl "180+2"]
[Date "2023.06.13"]
[WhiteClock "0:00:00"]
[BlackClock "0:00:07"]
[Board "190"]

1. e4 d5 2. exd5 Qxd5 3. Nc3 Qd8 4. d4 Nf6 5. Bc4 a6 6. a4 Nc6 7. Be3 Bf5 8. Nf3 e6 9. O-O Nb4 10. Ne1 Be7 11. Nd3 Nxd3 12. Bxd3 Bxd3 13. Qxd3 O-O 14. Ne4 Nxe4 15. Qxe4 Qd5 16. Qd3 Rfd8 17. c4 Qd7 18. Qe4 c6 19. Rfd1 Bf6 20. h4 b5 21. axb5 cxb5 22. c5 a5 23. c6 Qd5 24. Qxd5 Rxd5 25. c7 a4 26. Rac1 Rc8 27. g3 Kf8 28. Rc6 Ke8 29. Rdc1 Kd7 30. R6c5 Rxc5 31. Rxc5 Rxc7 32. Rxb5 Rc4 33. Rb7+ Kc6 34. Rxf7 Rb4 35. g4 Rxb2 36. g5 Bd8 37. Rxg7 a3 38. Ra7 a2 39. Kg2 Kd5 40. Kf3 Bb6 41. Ra6 Bxd4 42. Bxd4 Kxd4 43. h5 Ke5 44. g6 hxg6 45. h6 Kf6 46. Ra7 Rb3+ 47. Kg2 Rb8 48. Rxa2 Rh8 49. Ra5 Rxh6 50. Kg3 g5 51. f4 gxf4+ 52. Kxf4 Rh4+ 53. Kf3 Rb4 54. Rc5 e5 55. Rc8 Rb3+ 56. Ke4 Rb4+ 57. Kf3 Rd4 58. Ke3 Rg4 59. Kf3 Ra4 60. Ke3 Kf5 61. Rf8+ Ke6 62. Re8+ Kf6 63. Rf8+ Ke7 64. Rb8 Ke6 65. Re8+ Kd6 66. Rd8+ Ke7 67. Rb8 Kd6 68. Rd8+ Kc5 69. Re8 Kd5 0-1


[Site "https://www.chess.com"]

[Event "Titled Tuesday Blitz June 13 Early 2023"]
[White "Vargas, Mauricio"]
[Black "Fudalej, Michal"]
[WhiteFideId "4404572"]
[BlackFideId "1118781"]
[WhiteElo "1986"]
[BlackElo "2088"]
[Result "1-0"]
[Round "6"]
[TimeControl "180+2"]
[Date "2023.06.13"]
[WhiteClock "0:01:10"]
[BlackClock "0:00:00"]
[Board "191"]

1. e4 c6 2. Nc3 d5 3. d3 g6 4. g3 Bg7 5. Bg2 Nf6 6. e5 Nfd7 7. f4 d4 8. Ne4 c5 9. Nf3 Nc6 10. O-O b6 11. e6 fxe6 12. Neg5 Nf8 13. Ne5 Nxe5 14. Bxa8 Nf7 15. Bc6+ Bd7 16. Qf3 h6 17. Bxd7+ Qxd7 18. Qa8+ Qd8 19. Qxd8+ Nxd8 20. Ne4 Nd7 21. Bd2 Kf7 22. a4 Nc6 23. a5 b5 24. h4 a6 25. c3 dxc3 26. bxc3 Rd8 27. Be3 c4 28. dxc4 bxc4 29. Rfd1 Ke8 30. Bb6 1-0


[Site "https://www.chess.com"]

[Event "Titled Tuesday Blitz June 13 Early 2023"]
[White "Georg, Heinz"]
[Black "Floresvillar Gonzalez, Luis Migu"]
[WhiteFideId "4607295"]
[BlackFideId "5100542"]
[WhiteElo "2316"]
[BlackElo "2040"]
[Result "1/2-1/2"]
[Round "6"]
[TimeControl "180+2"]
[Date "2023.06.13"]
[WhiteClock "0:00:17"]
[BlackClock "0:00:42"]
[Board "192"]

1. e4 c5 2. Nf3 e6 3. b3 d6 4. Bb2 Nf6 5. Bd3 Nc6 6. O-O Be7 7. Re1 O-O 8. Nc3 e5 9. h3 Nd4 10. Nxd4 cxd4 11. Ne2 Be6 12. c3 dxc3 13. dxc3 d5 14. exd5 Nxd5 15. c4 Nf4 16. Be4 Qxd1 17. Raxd1 Bb4 18. Nc3 Rab8 19. a3 Bxc3 20. Bxc3 f6 21. Bb4 Rfd8 22. Rxd8+ Rxd8 23. Bxb7 a5 24. Bxa5 Rb8 25. Bd2 Rxb7 26. Bxf4 Rxb3 27. Be3 Bxc4 28. Ra1 Bd3 29. a4 Rb1+ 30. Rxb1 Bxb1 31. Kf1 Bd3+ 32. Ke1 e4 33. Kd2 Kf7 34. Kc3 Ke6 35. Kb4 Kd6 36. Bd4 h5 37. h4 Kd5 38. Bc3 Bf1 39. g3 Be2 40. a5 Bd3 41. Bb2 Bf1 42. Kc3 Ba6 43. Kd2 Ke6 44. Ke3 Kf5 45. Kd4 g5 46. Kd5 gxh4 47. gxh4 Kg4 48. Bxf6 Kf3 49. Bd4 Bb7+ 50. Kc5 Kg4 51. Kb6 Bd5 52. Bf6 Kf3 53. Bd4 Kg4 54. Bf6 Kf3 55. Bd4 Kg4 1/2-1/2


[Site "https://www.chess.com"]

[Event "Titled Tuesday Blitz June 13 Early 2023"]
[White "Mirzanurov, Bulat"]
[Black "Vianello, Enrico"]
[WhiteFideId "4184521"]
[BlackFideId "810738"]
[WhiteElo "2005"]
[BlackElo "2128"]
[Result "1/2-1/2"]
[Round "6"]
[TimeControl "180+2"]
[Date "2023.06.13"]
[WhiteClock "0:00:39"]
[BlackClock "0:01:37"]
[Board "193"]

1. e4 d6 2. d4 g6 3. Nc3 Bg7 4. Be3 c6 5. Qd2 d5 6. e5 b5 7. a3 Nd7 8. Nf3 Nb6 9. Bd3 Nc4 10. Bxc4 bxc4 11. O-O Bg4 12. Qe2 Nh6 13. h3 Bxf3 14. Qxf3 Nf5 15. b3 cxb3 16. cxb3 O-O 17. g4 Nxe3 18. fxe3 Rb8 19. b4 a5 20. Rab1 axb4 21. axb4 f6 22. exf6 Bxf6 23. Qg3 Qe8 24. Na4 e5 25. dxe5 Qxe5 26. Qxe5 Bxe5 27. Rxf8+ Kxf8 28. Nc5 Kg7 29. Nd7 Re8 30. Nxe5 Rxe5 31. Kf2 Re4 32. b5 cxb5 33. Rxb5 d4 34. exd4 Rxd4 35. Ke3 Ra4 1/2-1/2


[Site "https://www.chess.com"]

[Event "Titled Tuesday Blitz June 13 Early 2023"]
[White "Novikova, Margarita"]
[Black "Tsukerman, Julia"]
[WhiteFideId "14109689"]
[BlackFideId "2621649"]
[WhiteElo "2013"]
[BlackElo "1667"]
[Result "1-0"]
[Round "6"]
[TimeControl "180+2"]
[Date "2023.06.13"]
[WhiteClock "0:01:22"]
[BlackClock "0:00:07"]
[Board "194"]

1. e4 c5 2. Nc3 Nc6 3. d3 g6 4. Be3 Nd4 5. Qd2 Bg7 6. Nd1 d6 7. c3 Nc6 8. g3 e6 9. Bg2 Nge7 10. Bh6 O-O 11. h4 f5 12. h5 Rf7 13. hxg6 Nxg6 14. exf5 exf5 15. Bd5 Qe8+ 16. Qe2 Bd7 17. Bxf7+ Qxf7 18. Bxg7 Kxg7 19. Ne3 Re8 20. Qh5 Kg8 21. O-O-O b5 22. Nf3 Re7 23. Kb1 Be6 24. Ng5 Bxa2+ 25. Ka1 Qb3 26. Nxh7 Rg7 27. Qxf5 Qa4 28. Qc8+ Kf7 29. Ng5+ Kf6 30. Ne4+ Kf7 31. Qd7+ Kg8 32. Qe8+ Nf8 33. Nf6# 1-0


[Site "https://www.chess.com"]

[Event "Titled Tuesday Blitz June 13 Early 2023"]
[White "Hartikainen, Jarmo"]
[Black "Nikulina, Alena"]
[WhiteFideId "503134"]
[BlackFideId "4172051"]
[WhiteElo "2123"]
[BlackElo "1608"]
[Result "0-1"]
[Round "6"]
[TimeControl "180+2"]
[Date "2023.06.13"]
[WhiteClock "0:00:00"]
[BlackClock "0:00:07"]
[Board "195"]

1. e4 c5 2. c3 e6 3. d4 d5 4. exd5 exd5 5. Nf3 Nf6 6. Bd3 Nc6 7. h3 Bd6 8. dxc5 Bxc5 9. Nbd2 O-O 10. O-O Re8 11. Nb3 Bb6 12. Bf4 Be6 13. Qd2 Ne4 14. Bxe4 dxe4 15. Nfd4 Bxb3 16. Nxb3 Qxd2 17. Bxd2 e3 18. Bxe3 Bxe3 19. fxe3 Rxe3 20. Rae1 Rae8 21. Rxe3 Rxe3 22. Kf2 Re7 23. Rd1 f6 24. Nc5 Ne5 25. b3 Kf7 26. c4 Rc7 27. Nd3 Ng6 28. Nb4 Ne5 29. Nd5 Rd7 30. Ke2 a6 31. a4 g6 32. Nb6 Rxd1 33. Kxd1 Ke6 34. Kd2 f5 35. b4 g5 36. c5 h6 37. b5 axb5 38. axb5 h5 39. Nc8 Nd7 40. c6 bxc6 41. bxc6 Ne5 42. c7 Kd7 43. Ne7 Kxc7 44. Nxf5 Kd7 45. Ng3 h4 46. Ne4 Nf7 47. Ke3 Ke6 48. Kf3 Kf5 49. Nd2 Ne5+ 50. Kf2 Kf4 51. Nc4 Nd3+ 52. Ke2 Nc5 53. Kf2 Ne4+ 54. Kf1 Kg3 55. Ne3 Nc3 0-1


[Site "https://www.chess.com"]

[Event "Titled Tuesday Blitz June 13 Early 2023"]
[White "Kopczynski, Michal"]
[Black "Thipsay, Bagyashree Sathe"]
[WhiteFideId "1124200"]
[BlackFideId "5001013"]
[WhiteElo "2212"]
[BlackElo "2031"]
[Result "1-0"]
[Round "6"]
[TimeControl "180+2"]
[Date "2023.06.13"]
[WhiteClock "0:02:04"]
[BlackClock "0:00:00"]
[Board "196"]

1. e4 c6 2. d4 d5 3. e5 Bf5 4. g4 Bd7 5. f4 e6 6. Ne2 c5 7. dxc5 Bxc5 8. Nbc3 Qh4+ 9. Ng3 h5 10. g5 Ne7 11. Bd2 Nf5 12. Qf3 Nd4 13. Qd3 Nbc6 14. a3 Nf5 15. Bg2 Qg4 16. Bf3 Qh4 17. O-O-O Nxg3 18. hxg3 Qxg3 19. Nb5 a6 20. Nc7+ Ke7 21. Nxa8 Rxa8 22. Bxh5 Rc8 23. Qxg3 1-0


[Site "https://www.chess.com"]

[Event "Titled Tuesday Blitz June 13 Early 2023"]
[White "De Souza, Cristiano Gomes"]
[Black "Omariev, Maksim"]
[WhiteFideId "2151758"]
[BlackFideId "4193423"]
[WhiteElo "2068"]
[BlackElo "2378"]
[Result "1-0"]
[Round "6"]
[TimeControl "180+2"]
[Date "2023.06.13"]
[WhiteClock "0:01:01"]
[BlackClock "0:00:00"]
[Board "197"]

1. d4 d5 2. c4 e6 3. Nf3 Nf6 4. Nc3 Be7 5. Bg5 O-O 6. e3 h6 7. Bh4 b6 8. Rc1 Bb7 9. Be2 Nbd7 10. O-O c5 11. cxd5 Nxd5 12. Bxe7 Qxe7 13. dxc5 Nxc5 14. Nxd5 Bxd5 15. b3 Rfd8 16. Qc2 Rac8 17. Qb2 a6 18. Rfd1 b5 19. Qa3 Kf8 20. Nd4 Ke8 21. f3 Bb7 22. Qb4 Nd7 23. Qxe7+ Kxe7 24. Kf2 g6 25. Rxc8 Rxc8 26. Rd2 e5 27. Nc2 f5 28. Nb4 Nb6 29. Rc2 a5 30. Rxc8 Nxc8 31. Nd3 Kd6 32. f4 exf4 33. exf4 g5 34. g3 Ne7 35. fxg5 hxg5 36. h4 gxh4 37. gxh4 Bc6 38. h5 Ke6 39. Nf4+ Kf6 40. Ke3 Kg5 41. Ne6+ Kh6 42. Nd4 Bd7 43. Kf4 Nd5+ 44. Ke5 Nc3 45. Bf3 Nxa2 46. Nxf5+ Bxf5 47. Kxf5 Nc1 48. Bd5 Kxh5 49. Ke5 Nd3+ 50. Kd4 Nb4 51. Be6 Kg5 52. Kc5 1-0


[Site "https://www.chess.com"]

[Event "Titled Tuesday Blitz June 13 Early 2023"]
[White "Corredor Castellanos, Camilo"]
[Black "Winkels, Marcel"]
[WhiteFideId "4425871"]
[BlackFideId "1003887"]
[WhiteElo "1994"]
[BlackElo "1900"]
[Result "1-0"]
[Round "6"]
[TimeControl "180+2"]
[Date "2023.06.13"]
[WhiteClock "0:00:41"]
[BlackClock "0:00:00"]
[Board "198"]

1. e4 Nf6 2. Nc3 d5 3. e5 Nfd7 4. d4 c5 5. Nxd5 cxd4 6. Qxd4 Nc6 7. Qc3 Ndxe5 8. Nf4 e6 9. a3 Be7 10. Be3 Bf6 11. Qb3 O-O 12. Be2 Nd4 13. Qa4 Nxe2 14. Ngxe2 Bd7 15. Qb3 Bc6 16. O-O Ng4 17. Bc5 Re8 18. Rad1 Qc7 19. h3 Ne5 20. Bd6 Qb6 21. Qg3 Ng6 22. b3 Nxf4 23. Nxf4 g6 24. h4 Bg7 25. h5 Rac8 26. hxg6 hxg6 27. c4 Be4 28. c5 Qa6 29. b4 e5 30. Nd5 Bxd5 31. Rxd5 e4 32. Re1 Qc4 33. Rdd1 a5 34. Rc1 Qe6 35. Rb1 axb4 36. Rxb4 Qd7 37. Rbxe4 Rxe4 38. Rxe4 b6 39. cxb6 Qb5 40. Bc7 Qc6 41. Re1 Ra8 42. Qd6 Qc3 43. Re3 Qa1+ 44. Kh2 Qf6 45. Qxf6 Bxf6 46. b7 1-0


[Site "https://www.chess.com"]

[Event "Titled Tuesday Blitz June 13 Early 2023"]
[White "Lakshmi C"]
[Black "Rodriguez Santiago, Jaime"]
[WhiteFideId "25035347"]
[BlackFideId "3100898"]
[WhiteElo "1942"]
[BlackElo "2025"]
[Result "0-1"]
[Round "6"]
[TimeControl "180+2"]
[Date "2023.06.13"]
[WhiteClock "0:00:00"]
[BlackClock "0:00:22"]
[Board "199"]

1. e4 c6 2. Nc3 d5 3. Nf3 dxe4 4. Nxe4 Nf6 5. Ng3 h5 6. h4 c5 7. d4 Bg4 8. Be3 cxd4 9. Bb5+ Nc6 10. Bxc6+ bxc6 11. Qxd4 Bxf3 12. gxf3 e6 13. Qc4 Qd5 14. Qe2 Be7 15. O-O O-O 16. Rfd1 Qa5 17. Bg5 Rfe8 18. f4 g6 19. Ne4 Nxe4 20. Qxe4 Bxg5 21. fxg5 Rab8 22. Qxc6 Rec8 23. Qe4 Rb4 24. Rd4 Rxb2 25. c4 Rxa2 26. Rad1 Ra1 27. Qb7 Rxd1+ 28. Rxd1 Qc7 29. Rd7 Qxb7 0-1


[Site "https://www.chess.com"]

[Event "Titled Tuesday Blitz June 13 Early 2023"]
[White "Torres Dominguez, David"]
[Black "Al Mukhaini, Shima"]
[WhiteFideId "2220857"]
[BlackFideId "22005854"]
[WhiteElo "1999"]
[BlackElo "2242"]
[Result "0-1"]
[Round "6"]
[TimeControl "180+2"]
[Date "2023.06.13"]
[WhiteClock "0:00:00"]
[BlackClock "0:00:24"]
[Board "200"]

1. e4 d5 2. d3 dxe4 3. dxe4 Qxd1+ 4. Kxd1 Nf6 5. f3 e5 6. Be3 Nfd7 7. Nd2 Bc5 8. Ke2 Bxe3 9. Kxe3 O-O 10. Nb3 a5 11. a4 b6 12. Nh3 Na6 13. Bxa6 Bxa6 14. Nf2 Rad8 15. Rhd1 Bc4 16. Nd2 Be6 17. b3 Nc5 18. Nf1 f6 19. Rxd8 Rxd8 20. Rd1 Rxd1 21. Nxd1 Kf7 22. Nd2 Ke7 23. Nb2 Kd6 24. Nbc4+ Kd7 25. Nb2 Ke7 26. Nd3 Kd6 27. Nxc5 Kxc5 28. c3 c6 29. Kd3 b5 30. axb5 cxb5 31. Kc2 b4 32. cxb4+ Kxb4 33. Kb2 g5 34. g3 Bh3 35. f4 exf4 36. gxf4 gxf4 37. Nf3 Bg2 38. Ne1 Bxe4 39. h4 f3 40. Kc1 f2 41. Nc2+ Bxc2 42. Kxc2 f1=Q 0-1


[Site "https://www.chess.com"]

[Event "Titled Tuesday Blitz June 13 Early 2023"]
[White "Slayyy_200"]
[Black "Kiseleva, Arina"]
[BlackFideId "4164989"]
[WhiteElo "2039"]
[BlackElo "1701"]
[Result "0-1"]
[Round "6"]
[TimeControl "180+2"]
[Date "2023.06.13"]
[WhiteClock "0:02:27"]
[BlackClock "0:02:34"]
[Board "201"]

1. e4 c6 2. d4 d5 3. exd5 cxd5 4. c4 Nf6 5. Nc3 e6 6. c5 b6 7. b4 a5 8. Na4 Nbd7 9. c6 Bxb4+ 10. Bd2 Bxd2+ 11. Qxd2 Nb8 12. Bb5 Qc7 13. Nf3 Ba6 14. Qb2 Bxb5 15. Qxb5 Qxc6 16. Qxb6 Qxa4 17. Qb7 Qb4+ 18. Qxb4 axb4 0-1


[Site "https://www.chess.com"]

[Event "Titled Tuesday Blitz June 13 Early 2023"]
[White "Dubov, Daniil"]
[Black "Caruana, Fabiano"]
[WhiteFideId "24126055"]
[BlackFideId "2020009"]
[WhiteElo "2793"]
[BlackElo "2832"]
[Result "0-1"]
[Round "7"]
[TimeControl "180+2"]
[Date "2023.06.13"]
[WhiteClock "0:00:02"]
[BlackClock "0:00:09"]
[Board "1"]

1. c4 Nf6 2. g3 e5 3. Bg2 c6 4. d4 Bb4+ 5. Bd2 Bxd2+ 6. Qxd2 d6 7. Nc3 O-O 8. e4 Be6 9. b3 a6 10. Nf3 Nbd7 11. O-O b5 12. d5 cxd5 13. exd5 Bf5 14. cxb5 axb5 15. Nxb5 Qb6 16. Nh4 Bg4 17. a4 Nc5 18. Rfb1 Bd7 19. Bf1 Nce4 20. Qe3 Qxe3 21. fxe3 Nxd5 22. Bg2 f5 23. Nxd6 Ndc3 24. Nxe4 fxe4 25. Rb2 g5 26. Rc1 Rac8 27. Re1 gxh4 28. gxh4 Bg4 29. a5 Bf3 30. b4 Rb8 31. Ra1 Rf6 32. a6 Rg6 33. Kh1 Nb5 34. h5 Rg7 35. Ra5 Rc8 36. h3 Rb8 37. Kh2 Na7 38. Rd2 Rxb4 39. Rd8+ Kf7 40. Rd7+ Kf6 41. Rxg7 Kxg7 42. Bxf3 exf3 43. Rxe5 Kf6 44. Re8 Ra4 45. Kg3 Rxa6 46. Ra8 Ra5 47. Kxf3 Nc6 48. Rc8 Ne5+ 49. Kf4 Nf7 50. Rc6+ Kg7 51. Rc7 Rxh5 52. Kg4 Re5 53. Kf4 Re6 54. e4 Rh6 55. Kg4 Rg6+ 56. Kf4 Rf6+ 57. Kg4 Kg6 58. Rc5 Re6 59. Kf4 h5 60. Ra5 Rf6+ 61. Ke3 h4 62. Ra8 Ng5 63. Rg8+ Kh5 64. Rh8+ Rh6 65. Rxh6+ Kxh6 66. Kf4 Kh5 67. e5 Nxh3+ 68. Kf5 Ng5 69. Kf4 Ne6+ 70. Kf3 Kg5 0-1


[Site "https://www.chess.com"]

[Event "Titled Tuesday Blitz June 13 Early 2023"]
[White "Kamsky, Gata"]
[Black "Carlsen, Magnus"]
[WhiteFideId "2000024"]
[BlackFideId "1503014"]
[WhiteElo "2660"]
[BlackElo "2858"]
[Result "1/2-1/2"]
[Round "7"]
[TimeControl "180+2"]
[Date "2023.06.13"]
[WhiteClock "0:00:25"]
[BlackClock "0:00:18"]
[Board "2"]

1. d4 d5 2. Bf4 c5 3. e3 cxd4 4. exd4 Nc6 5. c3 f6 6. Bb5 a6 7. Ba4 Bf5 8. Ne2 e6 9. Nd2 Bd6 10. Bxc6+ bxc6 11. Bxd6 Qxd6 12. Nb3 Ne7 13. Nc5 O-O 14. O-O e5 15. Qd2 a5 16. a4 Bc8 17. Rfe1 Ng6 18. b4 e4 19. g3 Bg4 20. Nf4 Ne7 21. bxa5 g5 22. Ng2 Bf3 23. Reb1 Ng6 24. Rb7 Rxa5 25. Rab1 Rxc5 26. dxc5 Qe6 27. Rc7 Qh3 28. Ne1 Nf4 29. gxf4 Qg4+ 30. Kf1 Qh3+ 31. Kg1 Qg4+ 32. Kf1 Qh3+ 33. Kg1 1/2-1/2


[Site "https://www.chess.com"]

[Event "Titled Tuesday Blitz June 13 Early 2023"]
[White "Paravyan, David"]
[Black "Zhigalko, Sergei"]
[WhiteFideId "4194985"]
[BlackFideId "13502956"]
[WhiteElo "2563"]
[BlackElo "2626"]
[Result "1/2-1/2"]
[Round "7"]
[TimeControl "180+2"]
[Date "2023.06.13"]
[WhiteClock "0:00:07"]
[BlackClock "0:00:07"]
[Board "3"]

1. e4 c5 2. Nf3 d6 3. d4 cxd4 4. Nxd4 Nf6 5. Nc3 a6 6. Bd3 g6 7. f3 Bg7 8. Be3 Nc6 9. Qd2 e5 10. Nxc6 bxc6 11. Bc4 Be6 12. Bb3 d5 13. exd5 cxd5 14. Bc5 d4 15. Bxe6 dxc3 16. Qxd8+ Rxd8 17. Bb3 cxb2 18. Rb1 e4 19. fxe4 Rc8 20. Bd4 O-O 21. e5 Ng4 22. Bxb2 Bxe5 23. Bxe5 Nxe5 24. O-O Rc5 25. Rbd1 Kg7 26. Rd6 a5 27. Ra6 Rfc8 28. h3 h5 29. Rf4 R8c7 30. Ra4 Nc4 31. a3 Kh6 32. Kh2 Kg7 33. h4 Kh6 34. Bxc4 Rxc4 35. R6xa5 Rxc2 36. Rg5 R2c3 37. Rg3 R3c4 38. Rxc4 Rxc4 39. Kh3 Rc2 40. Rf3 Ra2 41. Rxf7 Rxa3+ 42. g3 Ra1 43. Kg2 Ra2+ 44. Rf2 Ra3 45. Rf3 Ra2+ 46. Rf2 Ra3 47. Rf3 Ra2+ 48. Rf2 1/2-1/2


[Site "https://www.chess.com"]